 Dungeon Crawl Stone Soup version 0.26.1-11-gd32895ea62 (webtiles) character file.

Game seed: 8721692427760092010

112 Zeld the Twirler (level 4, -4/29 HPs)
             Began as an Octopode Gladiator on May 22, 2021.
             Killed from afar by an orc wizard (6 damage)
             ... with a magic dart
             ... on level 3 of the Dungeon.
             The game lasted 00:02:30 (3190 turns).

Zeld the Twirler (Octopode Gladiator)               Turns: 3190, Time: 00:02:31

Health: -4/29      AC:  1    Str: 14    XL:     4   Next: 93%
Magic:  4/4        EV: 14    Int: 10    God:
Gold:   118        SH:  0    Dex: 13    Spells: 3/3 levels left

rFire    . . .     SeeInvis .   a - +0 quarterstaff
rCold    . . .     Faith    .   (shield currently unavailable)
rNeg     . . .     Spirit   .   b - +0 hat
rPois    .         Reflect  .   (no amulet)
rElec    .         Harm     .   (no ring)
rCorr    .         Rampage  .   (no ring)
Will     .....                  (no ring)
Stlth    ++........             (no ring)
HPRegen  0.09/turn              (no ring)
MPRegen  0.09/turn              (no ring)
                                (no ring)
                                (no ring)

@: no status effects
A: almost no armour, stealthy swim, amphibious, 8 rings, constrict 8, camouflage
1, gelatinous body 1
a: no special abilities


You were on level 3 of the Dungeon.
You visited 1 branch of the dungeon, and saw 3 of its levels.

You collected 118 gold pieces.

Inventory:

Hand Weapons
 a - a +0 quarterstaff (weapon)
Missiles
 c - 3 throwing nets (quivered)
 m - 15 poisoned darts
Armour
 b - a +0 hat (worn)
Wands
 k - a wand of enslavement (12)
 s - a wand of iceblast (10)
Scrolls
 d - a scroll of amnesia {unknown}
 e - 2 scrolls of remove curse {unknown}
 h - a scroll of random uselessness {unknown}
 i - a scroll of enchant weapon {unknown}
 l - 3 scrolls of identify {unknown}
 q - a scroll of enchant armour {unknown}
 r - a scroll of blinking {unknown}
Potions
 f - a potion of flight {unknown}
 g - a potion of heal wounds {unknown}
 j - a potion of invisibility {unknown}
 n - a potion of curing {unknown}
 o - a potion of brilliance {unknown}
 p - a potion of haste {unknown}


   Skills:
 - Level 2.0 Fighting
 * Level 5.4 Staves
 - Level 2.0 Throwing
 - Level 3.0 Dodging


You had 3 spell levels left.
You didn't know any spells.
Your spell library was empty.

Dungeon Overview and Level Annotations

Branches:
Dungeon (3/15)

Altars:
Cheibriados
Zin


Innate Abilities, Weirdness & Mutations

You cannot wear most types of armour.
You are very stealthy in the water. (Stealth+)
You are amphibious.
You can wear up to eight rings at the same time.
You can use your tentacles to constrict eight enemies at once.
Your skin changes colour to match your surroundings (Stealth+).
Your rubbery body absorbs attacks. (AC +1, EV +1)


Message History

The bat hits you but does no damage.
The orc wizard mumbles some strange words.
The orc wizard blinks!
The bat closely misses you. The bat hits you. The bat barely misses you.
The orc wizard barely misses you. The bat completely misses you.
The orc wizard closely misses you. The bat barely misses you.
The orc wizard hits you with a +0 dagger.
A bat comes into view.
The orc wizard points at you and mumbles some strange words.
The magic dart hits you!
* * * LOW HITPOINT WARNING * * *
The bat completely misses you. The bat closely misses you.
There is an escape hatch in the ceiling here.
The bat misses you.
The orc wizard mumbles some strange words.
The orc wizard blinks!
The orc wizard gestures at you while chanting.
The magic dart hits you.
You die...

##.####...........#.##.#
#....##..........#.).#.###
#...............o##.##oJ.#
#....#............##†.###J..#
#....#..............#..# ##.
#....#......o.......##.#
#....#.......J.......##..
#....#.......§........(...
#....#......@.o..)........).
#....#.......b............$.
##..........................
#.####.####.o.............
#.##÷....##...b...........
####
#.#.......#....(.........
...# #.#.......#........$....
...# #....._.................
...# #.#.......#..


You could see an orc wizard (fast), an ooze, 3 orcs and 2 bats.

Vanquished Creatures
  3 adders (D:2)
  2 oozes
  2 worms (D:2)
  2 dart slugs
  3 leopard geckos
  2 orcs (D:3)
  5 bats
  5 giant cockroaches
  4 goblins
  7 hobgoblins
  2 jackals (D:1)
  12 kobolds
  A quokka (D:2)
  A ball python (D:3)
  3 frilled lizards (D:1)
  4 rats
58 creatures vanquished.

Notes
Turn   | Place    | Note
-------+----------+-------------------------------------------
     0 | D:1      | Zeld the Octopode Gladiator began the quest for the Orb.
     0 | D:1      | Reached XP level 1. HP: 14/14 MP: 1/1
    49 | D:1      | Reached XP level 2. HP: 8/19 MP: 2/2
   685 | D:1      | Reached skill level 4 in Staves
   732 | D:1      | Reached XP level 3. HP: 20/24 MP: 3/3
  2016 | D:2      | Reached XP level 4. HP: 24/29 MP: 4/4
  2220 | D:2      | Reached skill level 5 in Staves
  2665 | D:2      | Found a snail-covered altar of Cheibriados.
  2850 | D:3      | Found a glowing silver altar of Zin.
  3190 | D:3      | Killed from afar by an orc wizard

Illustrated notes

Levels and vault maps discovered:
D:1:      dpeg_arrival_houses_and_road, layout_basic
D:2:      layout_basic, marbit_many_paths
D:3:      layout_basic, old_standard_altar, lemuel_round_altar,
          biasface_ghost_orc_armoury, minmay_pentomino_pile

Skill      XL: |  1  2  3  4 |
---------------+-------------+-----
Staves         | 4 5 |  5.4
Fighting       | |  2.0
Throwing       | |  2.0
Dodging        | |  3.0

Action                   |  1- 3 |  4- 6 || total
-------------------------+-------+-------++-------
Melee: Quarterstaff      |    75 |    44 ||   119
       Constrict         |    18 |    13 ||    31
       Tentacles         |     7 |     7 ||    14
 Stab: Sleeping          |     3 |     3 ||     6
Armor: Skin              |     6 |     8 ||    14
Dodge: Dodged            |    58 |    46 ||   104
